 Dungeon Crawl Stone Soup version 0.13-a0-2584-g2e76cfd (console) character file.

92 Chozo the Charmwright (level 3, -5/29 HPs)
             Began as a Lava Orc Skald on July 31, 2013.
             Killed from afar by an orc wizard (9 damage)
             ... with a magic dart
             ... on Level 3 of the Dungeon.
             The game lasted 00:01:52 (755 turns).

Chozo the Charmwright (Lava Orc Skald)               Turns: 755, Time: 00:01:52

HP  -5/29        AC  3     Str 14      XL: 3   Next: 64%
MP   6/6         EV 10     Int 13      God:
Gold 39          SH  0     Dex 10      Spells:  3 memorised,  0 levels left

Res.Fire  : + + +   See Invis. : .   a - +0 orc hand axe {=f}
Res.Cold  : x . .   Warding    : .   b - +0 orc leather armour
Life Prot.: . . .   Conserve   : .   (no shield)
Res.Poison: .       Res.Corr.  : .   (no helmet)
Res.Elec. : .       Clarity    : .   (no cloak)
Sust.Abil.: . .     Spirit.Shd : .   (no gloves)
Res.Mut.  : .       Stasis     : .   (no boots)
Res.Rott. : .       Flight     : .   (no amulet)
Saprovore : + . .                    (no ring)
                                     (no ring)

@: not resistant to hostile enchantments, very unstealthy
A: conserve scrolls, saprovore 1
a: no special abilities


You were on level 3 of the Dungeon.
You were not hungry.

You visited 1 branch of the dungeon, and saw 3 of its levels.

You collected 19 gold pieces.

Inventory:

Hand weapons
 a - a +0,+0 orcish hand axe (weapon) {=f}
Armour
 b - a +0 orcish leather armour (worn)
Comestibles
 d - a meat ration
 h - a lychee
 j - a rotting chunk of adder flesh
 l - a bread ration
Scrolls
 e - a scroll of enchant weapon II {unknown}
 f - a scroll of identify {unknown}
 g - 3 scrolls of teleportation {unknown}
 i - a scroll of blinking {unknown}
 k - a scroll of remove curse {unknown}
 m - a scroll of amnesia {unknown}
Books
 c - a book of Battle

   Spells                             Type                      Level
   *Infusion                          Charms                       1
   *Shroud of Golubria                Charms/Translocation         2
   *Song of Slaying                   Charms                       2
   Spectral Weapon                    Hexes/Charms                 3
   Regeneration                       Charms/Necromancy            3
   Song of Shielding                  Charms                       4


   Skills:
 + Level 2.9 Fighting
 + Level 3.2 Axes
 + Level 1.9 Armour
 - Level 0.7 Dodging
 + Level 1.6 Spellcasting
 + Level 3.3 Charms


You couldn't memorise any spells.
You knew the following spells:

 Your Spells              Type           Power        Failure   Level  Hunger
a - Infusion              Chrm           #.....       10%         1    ##.....
b - Song of Slaying       Chrm           #.........   12%         2    ###....
c - Shroud of Golubria    Chrm/Tloc      #.........   21%         2    ###....


Dungeon Overview and Level Annotations

Branches:
Dungeon (3/27)

Altars:
Yredelemnul


Innate Abilities, Weirdness & Mutations

You have stony skin.
You cover ground slowly.
Your flesh is almost immune to the effects of heat.
Your fire spells are more powerful.
Your flesh is vulnerable to cold.
Your heat harms attackers.
You bathe your surroundings in blazing heat.
You are too hot to use scrolls.
You are very good at protecting items from fire.
You can tolerate rotten meat.


Message History

The orc wizard barely misses you.
You slash the orc wizard!
The orc wizard is severely wounded.
Your stony skin melts.
The orc wizard hits you with an orcish dagger.
* * * LOW HITPOINT WARNING * * *
You miss the orc wizard.
The orc wizard is severely wounded.
The orc wizard barely misses you.
You closely miss the orc wizard.
The orc wizard is severely wounded.
The orc wizard barely misses you.
You hit the orc wizard.
The orc wizard is almost dead.
The orc wizard hits you but does no damage.
You barely miss the orc wizard.
The orc wizard is almost dead.
The orc wizard gestures at you while chanting.
The magic dart hits you!
You die...

. #.. ... .... # #.# #..# o.
#.# #..# #. ##.## #..#
####.#### ##...# #..#
#....>..# ...#.# #..## #.#
##o#
##...#####...#######.##.##.#
.....).....#.%..@o......##.#
.............#######.#####.#
############## #.#####.#
#....o..# #########


You could see an orc wizard.

Vanquished Creatures
  Jessica (D:3)
  An adder (D:3)
  A worm (D:2)
  2 giant geckos
  2 giant cockroaches
  3 goblins
  3 hobgoblins
  A quokka (D:3)
  2 bats (D:1)
  2 giant newts
  3 rats (D:1)
21 creatures vanquished.

Notes
Turn   | Place    | Note
--------------------------------------------------------------
     0 | D:1      | Chozo, the Lava Orc Skald, began the quest for the Orb.
     0 | D:1      | Reached XP level 1. HP: 16/16 MP: 3/3
   146 | D:1      | Reached skill level 3 in Charms
   199 | D:1      | Reached XP level 2. HP: 18/23 MP: 4/4
   207 | D:2      | Found a basalt altar of Yredelemnul.
   411 | D:3      | Learned a level 2 spell: Song of Slaying
   436 | D:3      | Reached XP level 3. HP: 5/29 MP: 6/6
   440 | D:3      | Learned a level 2 spell: Shroud of Golubria
   640 | D:3      | Noticed Jessica
   648 | D:3      | Killed Jessica
   755 | D:3      | Killed from afar by an orc wizard

Action                   || total
-------------------------++-------
Melee: Hand axe          ||    81
